TOP OF THE 1ST |
Utah Utes batting - Pitching for South Carolina Gamecocks : RHP Keith Heffner
|
Pitching: RHP Keith Heffner
|
|
Batting: RHB Bill Bourland
|
0-0: Fly out, F8 (Flyball, 8RM)
|
Batting: RHB Bennie McGrath
|
0-0: Called Strike 0-1: Foul Ball, location: 2F 0-2: Strikes out swinging
|
Batting: SHB Ramón Velázquez
|
0-0: Ground out U3 (Groundball, 3)
|
Top of the 1st over - 0 run(s), 0 hit(s), 0 error(s), 0 left on base; Utah 0 - South Carolina 0 |
BOTTOM OF THE 1ST |
South Carolina Gamecocks batting - Pitching for Utah Utes : RHP Wes Meeks
|
Pitching: RHP Wes Meeks
|
|
Batting: RHB Don Miller
|
0-0: Swinging Strike 0-1: Ball 1-1: Swinging Strike 1-2: Strikes out swinging
|
Batting: RHB Fernando Pérez
|
0-0: Ball 1-0: Swinging Strike 1-1: Foul Ball, location: 2F 1-2: Foul Ball, location: 2F 1-2: Ball 2-2: Ball 3-2: Foul Ball, location: 2F 3-2: Fly out, F8 (Flyball, 8RM)
|
Batting: RHB Clint Ratzlaff
|
0-0: Foul Ball, location: 2F 0-1: Swinging Strike 0-2: Ball 1-2: Strikes out looking
|
Bottom of the 1st over - 0 run(s), 0 hit(s), 0 error(s), 0 left on base; Utah 0 - South Carolina 0 |
TOP OF THE 2ND |
Utah Utes batting - Pitching for South Carolina Gamecocks : RHP Keith Heffner
|
Batting: RHB Brandon Owen
|
0-0: Called Strike 0-1: Called Strike 0-2: Ball 1-2: Foul Ball, location: 2F 1-2: SINGLE (Line Drive, 7LS)
|
Batting: SHB Glenn Hinton
|
0-0: Fly out, F5 (Line Drive, 56S)
|
Batting: SHB Brandon Manning
|
0-0: Ball 1-0: Called Strike 1-1: Foul Ball, location: 2F 1-2: Strikes out swinging
|
Batting: RHB Patrick Chute
|
0-0: Ball 1-0: Ground out 5-3 (Groundball, 5S)
|
Top of the 2nd over - 0 run(s), 1 hit(s), 0 error(s), 1 left on base; Utah 0 - South Carolina 0 |
BOTTOM OF THE 2ND |
South Carolina Gamecocks batting - Pitching for Utah Utes : RHP Wes Meeks
|
Batting: LHB Pat Carroll
|
0-0: Foul Ball, location: 2F 0-1: Ball 1-1: Ball 2-1: SINGLE (Groundball, 56D)
|
Batting: RHB Mike Wagner
|
0-0: Ball 1-0: Fly out, F7 (Flyball, 78M)
|
Batting: LHB Bill Walter
|
0-0: Fly out, F7 (Flyball, 7M)
|
Batting: RHB Scott Dixon
|
0-0: Ball Pat Carroll steals 2nd base 1-0: Foul Ball, location: 2F 1-1: Ball 2-1: Ball 3-1: Base on Balls
|
Batting: RHB Sidney Smith
|
0-0: Ball 1-0: Ground out 5-3 (Groundball, 56S)
|
Bottom of the 2nd over - 0 run(s), 1 hit(s), 0 error(s), 2 left on base; Utah 0 - South Carolina 0 |
TOP OF THE 3RD |
Utah Utes batting - Pitching for South Carolina Gamecocks : RHP Keith Heffner
|
Batting: SHB Pablo Miranda
|
0-0: Ground out 4-3 (Groundball, 4)
|
Batting: SHB Jeff Hernández
|
0-0: Ball 1-0: Ball 2-0: Ground out 5-3 (Groundball, 5)
|
Batting: RHB Bill Bourland
|
0-0: SINGLE (Line Drive, 56D)
|
Batting: RHB Bennie McGrath
|
0-0: Ball Bill Bourland steals 2nd base 1-0: Called Strike 1-1: Ball 2-1: Called Strike 2-2: Strikes out swinging
|
Top of the 3rd over - 0 run(s), 1 hit(s), 0 error(s), 1 left on base; Utah 0 - South Carolina 0 |
BOTTOM OF THE 3RD |
South Carolina Gamecocks batting - Pitching for Utah Utes : RHP Wes Meeks
|
Batting: RHB Justin Chandler
|
0-0: Ball 1-0: Ground out U3 (Groundball, 3)
|
Batting: RHB Don Miller
|
0-0: Called Strike 0-1: Foul Ball, location: 2F 0-2: Strikes out looking
|
Batting: RHB Fernando Pérez
|
0-0: Foul Ball, location: 2F 0-1: Ball 1-1: Ball 2-1: Ball 3-1: Ground out 6-3 (Groundball, 6M)
|
Bottom of the 3rd over - 0 run(s), 0 hit(s), 0 error(s), 0 left on base; Utah 0 - South Carolina 0 |
TOP OF THE 4TH |
Utah Utes batting - Pitching for South Carolina Gamecocks : RHP Keith Heffner
|
Batting: SHB Ramón Velázquez
|
0-0: Called Strike 0-1: Called Strike 0-2: Ball 1-2: Ball 2-2: Strikes out swinging
|
Batting: RHB Brandon Owen
|
0-0: Ball 1-0: Called Strike 1-1: Ball 2-1: Swinging Strike 2-2: Strikes out swinging
|
Batting: SHB Glenn Hinton
|
0-0: Fly out, F5 (Line Drive, 56)
|
Top of the 4th over - 0 run(s), 0 hit(s), 0 error(s), 0 left on base; Utah 0 - South Carolina 0 |
BOTTOM OF THE 4TH |
South Carolina Gamecocks batting - Pitching for Utah Utes : RHP Wes Meeks
|
Batting: RHB Clint Ratzlaff
|
0-0: Ball 1-0: Ball 2-0: Foul Ball, location: 2F 2-1: Ball 3-1: Foul Ball, location: 2F 3-2: Foul Ball, location: 2F 3-2: SOLO HOME RUN (Flyball, 7D), Distance : 346 ft
|
Batting: LHB Pat Carroll
|
0-0: Fly out, F8 (Flyball, 8LM)
|
Batting: RHB Mike Wagner
|
0-0: Swinging Strike 0-1: Ball 1-1: Ball 2-1: Ball 3-1: Foul Ball, location: 2F 3-2: Foul Ball, location: 2F 3-2: Foul Ball, location: 2F 3-2: Base on Balls
|
Batting: LHB Bill Walter
|
0-0: Called Strike 0-1: Ball 1-1: Foul Ball, location: 2F 1-2: Ball 2-2: Ball 3-2: Foul Ball, location: 2F 3-2: Base on Balls Mike Wagner to second
|
Batting: RHB Scott Dixon
|
0-0: Ball 1-0: Fly out, F9 (Flyball, 89M)
|
Batting: RHB Sidney Smith
|
0-0: SINGLE (Line Drive, 56D) Mike Wagner to third Bill Walter to second Runner from 3rd tries for Home, SAFE, no throw or cutoff
|
Batting: RHB Justin Chandler
|
0-0: Called Strike 0-1: Called Strike 0-2: Ground out 1-3 (Groundball, 15S)
|
Bottom of the 4th over - 2 run(s), 2 hit(s), 0 error(s), 2 left on base; Utah 0 - South Carolina 2 |
TOP OF THE 5TH |
Utah Utes batting - Pitching for South Carolina Gamecocks : RHP Keith Heffner
|
Batting: SHB Brandon Manning
|
0-0: Ground out 6-3 (Groundball, 6M)
|
Batting: RHB Patrick Chute
|
0-0: Ball 1-0: Reached on error, E6 (Groundball, 6)
|
Batting: SHB Pablo Miranda
|
0-0: Ball 1-0: Ball
|
|
|
|
2-0: Called Strike 2-1: Ball 3-1: Ground out 4-3 (Groundball, 4M) Patrick Chute to second
|
Batting: SHB Jeff Hernández
|
0-0: Called Strike 0-1: Ground out 4-3 (Groundball, 4)
|
Top of the 5th over - 0 run(s), 0 hit(s), 1 error(s), 1 left on base; Utah 0 - South Carolina 2 |
BOTTOM OF THE 5TH |
South Carolina Gamecocks batting - Pitching for Utah Utes : RHP Wes Meeks
|
Batting: RHB Don Miller
|
0-0: Ground out 5-3 (Groundball, 56)
|
Batting: RHB Fernando Pérez
|
0-0: Called Strike 0-1: Ground out 5-3 (Groundball, 56)
|
Batting: RHB Clint Ratzlaff
|
0-0: Foul Ball, location: 2F 0-1: Called Strike 0-2: Ball 1-2: Ball 2-2: Foul Ball, location: 2F 2-2: Ball 3-2: Fly out, F9 (Flyball, 89M)
|
Bottom of the 5th over - 0 run(s), 0 hit(s), 0 error(s), 0 left on base; Utah 0 - South Carolina 2 |
TOP OF THE 6TH |
Utah Utes batting - Pitching for South Carolina Gamecocks : RHP Keith Heffner
|
Batting: RHB Bill Bourland
|
0-0: Foul Ball, location: 2F 0-1: Reached on error, E6 (Groundball, 6)
|
Pitching: LHP José Carlos
|
|
Batting: RHB Bennie McGrath
|
0-0: Ball 1-0: Foul Ball, location: 2F 1-1: 2-RUN HOME RUN (Flyball, 9D), Distance : 367 ft
|
Batting: SHB Ramón Velázquez
|
0-0: Called Strike 0-1: Ball 1-1: Swinging Strike 1-2: Ball 2-2: Ball 3-2: Ground out 4-3 (Groundball, 4)
|
Batting: RHB Brandon Owen
|
0-0: Called Strike 0-1: Fly out, F3 (Line Drive, 3)
|
Batting: SHB Glenn Hinton
|
0-0: SOLO HOME RUN (Flyball, 78XD), Distance : 391 ft
|
Batting: SHB Brandon Manning
|
0-0: Foul Ball, location: 2F 0-1: Swinging Strike 0-2: Ball 1-2: Ball 2-2: Foul Ball, location: 2F 2-2: Ball 3-2: Base on Balls
|
Batting: RHB Patrick Chute
|
0-0: Ball 1-0: Called Strike 1-1: Swinging Strike 1-2: Foul Ball, location: 2F 1-2: Strikes out looking
|
Top of the 6th over - 3 run(s), 2 hit(s), 1 error(s), 1 left on base; Utah 3 - South Carolina 2 |
BOTTOM OF THE 6TH |
South Carolina Gamecocks batting - Pitching for Utah Utes : RHP Wes Meeks
|
Pitching: RHP Pablo Rincón
|
|
Batting: LHB Pat Carroll
|
0-0: Fly out, F7 (Flyball, 7M)
|
Batting: RHB Mike Wagner
|
0-0: Called Strike 0-1: Ball 1-1: Ball 2-1: Ball 3-1: Foul Ball, location: 2F 3-2: Strikes out looking
|
Batting: LHB Bill Walter
|
0-0: Ball 1-0: SINGLE (Groundball, 34)
|
Batting: RHB Scott Dixon
|
0-0: Ball 1-0: Swinging Strike 1-1: Ball 2-1: Ball 3-1: Foul Ball, location: 2F 3-2: Foul Ball, location: 2F 3-2: SINGLE (Groundball, 34) Bill Walter to second Bill Walter to third
|
Batting: RHB Sidney Smith
|
0-0: Called Strike 0-1: Foul Ball, location: 2F 0-2: Foul Ball, location: 2F 0-2: Ball 1-2: Fly out, F9 (Flyball, 9LS)
|
Bottom of the 6th over - 0 run(s), 2 hit(s), 0 error(s), 2 left on base; Utah 3 - South Carolina 2 |
TOP OF THE 7TH |
Utah Utes batting - Pitching for South Carolina Gamecocks : LHP José Carlos
|
Batting: SHB Pablo Miranda
|
0-0: Ball 1-0: Ball 2-0: SINGLE (Groundball, 5L) (infield hit)
|
Batting: SHB Jeff Hernández
|
0-0: Ball 1-0: Ball 2-0: Called Strike 2-1: Fly out, F4 (Line Drive, 4)
|
Batting: RHB Bill Bourland
|
0-0: Called Strike 0-1: Called Strike 0-2: Ball 1-2: Ball 2-2: Strikes out swinging
|
Batting: RHB Bennie McGrath
|
0-0: Ball 1-0: Ball 2-0: Ball 3-0: Base on Balls Pablo Miranda to second
|
Pitching: RHP Miguel Martínez
|
|
Batting: SHB Ramón Velázquez
|
0-0: Called Strike 0-1: Foul Ball, location: 2F 0-2: Ball 1-2: Strikes out looking
|
Top of the 7th over - 0 run(s), 1 hit(s), 0 error(s), 2 left on base; Utah 3 - South Carolina 2 |
BOTTOM OF THE 7TH |
South Carolina Gamecocks batting - Pitching for Utah Utes : RHP Pablo Rincón
|
Batting: RHB Justin Chandler
|
0-0: Ball 1-0: SINGLE (Line Drive, 34D)
|
Batting: RHB Don Miller
|
0-0: Swinging Strike 0-1: Ball 1-1: Bunted foul 1-2: Strikes out swinging
|
Batting: RHB Fernando Pérez
|
0-0: Called Strike 0-1: Foul Ball, location: 2F 0-2: Foul Ball, location: 2F 0-2: Foul Ball, location: 2F 0-2: Ball Justin Chandler steals 2nd base 1-2: SINGLE (Line Drive, 6D) Justin Chandler to third Runner from 3rd tries for Home, SAFE, throw made home
|
Batting: RHB Clint Ratzlaff
|
0-0: Called Strike 0-1: Ball 1-1: Swinging Strike 1-2: Strikes out swinging
|
Pitching: RHP Bruno Poulin
|
|
Batting: LHB Pat Carroll
|
0-0: Ball 1-0: Ball 2-0: Swinging Strike 2-1: DOUBLE (Groundball, 3L) Fernando Pérez to third
|
Batting: RHB Mike Wagner
|
0-0: Ball 1-0: SINGLE (Groundball, 6) Fernando Pérez scores Pat Carroll to third Runner from 3rd tries for Home, SAFE, no throw or cutoff
|
Batting: LHB Bill Walter
|
0-0: Ball 1-0: Ball 2-0: Ground out U3 (Groundball, 3)
|
Bottom of the 7th over - 3 run(s), 4 hit(s), 0 error(s), 1 left on base; Utah 3 - South Carolina 5 |
TOP OF THE 8TH |
Utah Utes batting - Pitching for South Carolina Gamecocks : RHP Miguel Martínez
|
Batting: RHB Brandon Owen
|
0-0: Called Strike 0-1: Ball 1-1: Ball 2-1: SINGLE (Line Drive, 56)
|
Pitching: RHP Víctor González
|
|
Batting: SHB Glenn Hinton
|
0-0: Reached on error, E5 (Groundball, 5) Brandon Owen to second
|
Batting: SHB Brandon Manning
|
0-0: Ball 1-0: Fly out, F7 (Flyball, 7M)
|
Batting: RHB Patrick Chute
|
0-0: Called Strike 0-1: Ball 1-1: Swinging Strike 1-2: Reached on error, E1 (Groundball, 13S) Brandon Owen to third Glenn Hinton to second
|
Batting: SHB Pablo Miranda
|
0-0: Ball 1-0: Ball 2-0: Ball 3-0: Called Strike 3-1: Reached on Error, E7 (Flyball, 7S) Brandon Owen scores Glenn Hinton to third Patrick Chute to second
|
Batting: SHB Jeff Hernández
|
0-0: Foul Ball, location: 2F 0-1: Foul Ball, location: 2F 0-2: Ball 1-2: Strikes out swinging
|
Batting: RHB Bill Bourland
|
0-0: Called Strike 0-1: Foul Ball, location: 2F 0-2: Ball 1-2: Strikes out swinging
|
Top of the 8th over - 1 run(s), 1 hit(s), 3 error(s), 3 left on base; Utah 4 - South Carolina 5 |
BOTTOM OF THE 8TH |
South Carolina Gamecocks batting - Pitching for Utah Utes : RHP Bruno Poulin
|
Batting: RHB Scott Dixon
|
0-0: Called Strike 0-1: Ball 1-1: Ball 2-1: Ball 3-1: Base on Balls
|
Batting: RHB Sidney Smith
|
0-0: Bunted foul 0-1: Bunted foul 0-2: Ball 1-2: Ball 2-2: Fly out, F7 (Flyball, 78M)
|
Batting: RHB Justin Chandler
|
0-0: Called Strike 0-1: Foul Ball, location: 2F 0-2: SINGLE (Groundball, 2L) (infield hit) Scott Dixon to second
|
Batting: RHB Don Miller
|
0-0: Ball Scott Dixon steals 3rd base Justin Chandler to second 1-0: Ball 2-0: Swinging Strike 2-1: Fly out, F9 (Flyball, 9S)
|
Batting: RHB Fernando Pérez
|
0-0: Foul Ball, location: 2F 0-1: Ball 1-1: Ball 2-1: Swinging Strike 2-2: Ball 3-2: Strikes out looking
|
Bottom of the 8th over - 0 run(s), 1 hit(s), 0 error(s), 2 left on base; Utah 4 - South Carolina 5 |
TOP OF THE 9TH |
Utah Utes batting - Pitching for South Carolina Gamecocks : RHP Víctor González
|
Pitching: RHP Gerald Wood
|
|
Now at C: Les Walsh
|
|
Batting: RHB Bennie McGrath
|
0-0: Called Strike 0-1: Ball 1-1: Ball 2-1: Called Strike 2-2: Ball 3-2: Base on Balls
|
Batting: SHB Ramón Velázquez
|
0-0: Ball 1-0: Called Strike 1-1: Ball 2-1: Ground out 4-3 (Groundball, 4M) Bennie McGrath to second
|
Batting: RHB Brandon Owen
|
0-0: Ball 1-0: Fly out, F6 (Popup, 6M)
|
Batting: SHB Glenn Hinton
|
0-0: Ball 1-0: Foul Ball, location: 2F 1-1: Called Strike 1-2: Foul Ball, location: 2F 1-2: Strikes out swinging
|
Top of the 9th over - 0 run(s), 0 hit(s), 0 error(s), 1 left on base; Utah 4 - South Carolina 5 |
|
Monday, December 5th, 2016 - OOTP Baseball 17.12 Build 75
|
|